 Dungeon Crawl Stone Soup version 0.26-a0-651-gb41185065b (webtiles) character file.

Game seed: 924793944282648159

364012 gbos the Slayer (level 21, -4/232 HPs)
             Began as a Deep Dwarf Hunter on Oct 12, 2020.
             Was the Champion of Ru.
             Slain by a death ooze (15 damage)
             ... created by the Royal Jelly
             ... on level 4 of the Pits of Slime.
             The game lasted 04:02:32 (60712 turns).

gbos the Slayer (Deep Dwarf Hunter)                Turns: 60712, Time: 04:02:33

Health: -4/232     AC:  9    Str: 28    XL:     21   Next: 86%
Magic:  11/11 (2)  EV:  4    Int: 14    God:    Ru [******]
Gold:   1554       SH: 11    Dex: 15    Spells: 20/20 levels left

rFire    + . .     SeeInvis .   b - +4 war axe of Dawn {vorpal, rC+ MR+}
rCold    + + +     Faith    .   t - +3 buckler {AC+3}
rNeg     + . .     Spirit   .   z - +4 ring mail of Qidoih {rF+ rC+}
rPois    .         Reflect  +   (helmet restricted)
rElec    .         Harm     .   c - scarf {repulsion}
rCorr    +         Rampage  .   l - +2 pair of gloves {archery}
MR       ++++.     Rnd*Tele +   N - +2 pair of boots "Yni Paif" {rC+ Slay+3 Stlth+}
Stlth    +++.......             i - amulet of reflection
HPRegen  0.00/turn              q - ring "Letulij" {rCorr Str+2 Dex+4}
MPRegen  0.12/turn              Z - ring of the Prince {MP+9 Str+4}

@: exhausted, corroded, non-regenerating, studying Armour, very heavily drained,
repel missiles
A: damage resistance, heal wounds, horns 1, blink, clumsy 1, deformed body,
deterioration 2, dopey 1, low mp 3, negative energy resistance 1, sense
surroundings 3, teleportitis 1, subdued magic 1, hated by all, inability to
train dodging, no poison magic, no translocations magic, no transmutations
magic, reduced EV 1, unskilled 1, no regeneration
}: 1/15 runes: serpentine
a: Heal Wounds, Blink, Draw Out Power, Power Leap, Apocalypse, Renounce Religion


You were on level 4 of the Pits of Slime.
You worshipped Ru.
Ru was exalted by your worship.
You visited 7 branches of the dungeon, and saw 37 of its levels.
You visited the Abyss 2 times.
You visited 1 bazaar.
You also visited: Trove and Volcano.

You collected 5272 gold pieces.
You spent 3718 gold pieces at shops.


Innate Abilities, Weirdness & Mutations

You are resistant to damage.
You can heal yourself by infusing magical energy.
Your magical capacity is extremely low. (-30% MP)
You resist negative energy. (rN+)
You passively map a large area around you.
You are hated by all.
You cannot train Dodging skill.
You cannot study or cast Poison magic.
You cannot study or cast Translocations magic.
You cannot study or cast Transmutations magic.
You have somewhat slow reflexes. (EV -5)
You are somewhat unskilled. (-1 Apt)
You do not regenerate.
You have a pair of small horns on your head.
You can translocate small distances at will.
You are clumsy. (Dex -2)
Armour fits poorly on your strangely shaped body.
Your body often deteriorates upon taking damage.
You are dopey. (Int -2)
You are occasionally teleported next to monsters.
Your spells are a little easier to cast, but a little less powerful.


   Skills:
 + Level 23.8(16.0) Fighting
 - Level 16.9(10.1) Axes
 - Level 4.0(0.0) Crossbows
 - Level 13.0(6.7) Armour
 - Level 8.0(2.4) Stealth
 - Level 2.4(0.0) Shields
 - Level 8.0(2.4) Evocations


You had 20 spell levels left.
You didn't know any spells.
Your spell library contained the following spells:

 Spells                   Type           Power        Failure   Level
 Corona                   Hex            #......      52%         1
 Foxfire                  Conj/Fire      #...         52%         1
 Freeze                   Ice            #...         52%         1
 Magic Dart               Conj           #...         52%         1
 Shock                    Conj/Air       #...         52%         1
 Ensorcelled Hibernation  Hex/Ice        #.....       67%         2
 Slow                     Hex            #.......     67%         2
 Sublimation of Blood     Necr           #.........   67%         2
 Swiftness                Air            #.......     67%         2
 Conjure Flame            Conj/Fire      #.......     88%         3
 Frozen Ramparts          Ice            #.....       88%         3
 Inner Flame              Hex/Fire       #.......     88%         3
 Ozocubu's Armour         Ice            #.......     88%         3
 Static Discharge         Conj/Air       #.......     88%         3
 Airstrike                Air            #.........   99%         4
 Cause Fear               Hex            #.........   99%         4
 Hailstorm                Conj/Ice       #.......     99%         4
 Leda's Liquefaction      Hex/Erth       #.........   99%         4
 Sticky Flame             Conj/Fire      #.......     99%         4
 Bolt of Magma            Conj/Fire/Erth #.........   100%        5
 Borgnjor's Vile Clutch   Necr/Erth      #.........   100%        5
 Fireball                 Conj/Fire      #.........   100%        5
 Iskenderun's Battlesphe  Conj           #.......     100%        5
 Lightning Bolt           Conj/Air       #.........   100%        5
 Silence                  Hex/Air        #.........   100%        5
 Conjure Ball Lightning   Conj/Air       #.........   100%        6
 Iron Shot                Conj/Erth      #.........   100%        6
 Orb of Destruction       Conj           #.........   100%        7
 Discord                  Hex            #.........   100%        8
 Tornado                  Air            #.........   100%        9
 Animate Skeleton         Necr           Unusable     N/A         1
 Apportation              Tloc           Unusable     N/A         1
 Sting                    Tmut/Pois      Unusable     N/A         1
 Summon Small Mammal      Summ           Unusable     N/A         1
 Blink                    Tloc           Unusable     N/A         2
 Call Imp                 Summ           Unusable     N/A         2
 Passwall                 Tmut/Erth      Unusable     N/A         2
 Poisonous Vapours        Pois/Air       Unusable     N/A         2
 Wereblood                Tmut           Unusable     N/A         2
 Gell's Gravitas          Tloc           Unusable     N/A         3
 Ignite Poison            Fire/Tmut/Pois Unusable     N/A         3
 Lesser Beckoning         Tloc           Unusable     N/A         3
 Mephitic Cloud           Conj/Pois/Air  Unusable     N/A         3
 Portal Projectile        Hex/Tloc       Unusable     N/A         3
 Summon Guardian Golem    Hex/Summ       Unusable     N/A         3
 Iskenderun's Mystic Bla  Conj/Tloc      Unusable     N/A         4
 Olgreb's Toxic Radiance  Pois           Unusable     N/A         4
 Petrify                  Tmut/Erth      Unusable     N/A         4
 Summon Ice Beast         Ice/Summ       Unusable     N/A         4
 Summon Lightning Spire   Summ/Air       Unusable     N/A         4
 Alistair's Intoxication  Tmut/Pois      Unusable     N/A         5
 Irradiate                Conj/Tmut      Unusable     N/A         5
 Dispersal                Tloc           Unusable     N/A         6
 Eringya's Noxious Bog    Tmut/Pois      Unusable     N/A         6
 Shadow Creatures         Summ           Unusable     N/A         6
 Malign Gateway           Summ/Tloc      Unusable     N/A         7
 Spellforged Servitor     Conj/Summ      Unusable     N/A         7
 Summon Hydra             Summ           Unusable     N/A         7
 Disjunction              Tloc           Unusable     N/A         8

Inventory:

Hand Weapons
 a - the +6 hand crossbow "Jialuagi" {flame, +Blink +Inv Dex+4 Stlth-}

   It causes projectiles fired from it to burn those they strike, causing extra
   injury to most foes and up to half again as much damage against particularly
   susceptible opponents.
   It affects your dexterity (+4).
   It lets you turn invisible.
   It lets you blink.
   It makes you less stealthy.
 b - the +4 war axe of Dawn (weapon) {vorpal, rC+ MR+}

   It inflicts extra damage upon your enemies.
   It protects you from cold.
   It affects your resistance to hostile enchantments.
 u - the +7 trident of the Open Hand {flame, rPois Int+3}

   It has been specially enchanted to burn those struck by it, causing extra
   injury to most foes and up to half again as much damage against particularly
   susceptible opponents.
   It affects your intelligence (+3).
   It protects you from poison.
Missiles
 d - 359 bolts
Armour
 c - a scarf of repulsion (worn)
 h - a +2 helmet
 l - a +2 pair of gloves of archery (worn)
 t - a +3 buckler of protection (worn)
 z - the +4 ring mail of Qidoih (worn) {rF+ rC+}

   It protects you from fire.
   It protects you from cold.
 N - the +2 pair of boots "Yni Paif" (worn) {rC+ Slay+3 Stlth+}

   It affects your accuracy and damage with ranged weapons and melee attacks
   (+3).
   It protects you from cold.
   It makes you more stealthy.
 R - a +1 pair of boots of flying
 V - the +9 ring mail "Butoetie" {rF+}

   It protects you from fire.
Jewellery
 i - an amulet of reflection (around neck)
 p - an uncursed ring of poison resistance
 q - the ring "Letulij" (left hand) {rCorr Str+2 Dex+4}

   [ring of resist corrosion]

   It affects your strength (+2).
   It affects your dexterity (+4).
   It provides partial protection from all sources of acid and corrosion.
 v - an uncursed ring of protection from cold
 y - an uncursed ring of protection from magic
 H - an uncursed ring of positive energy
 J - an uncursed ring of see invisible
 X - the ring "Neucsot" {rElec Str-4 SInv}

   [ring of strength]

   It affects your strength (-4).
   It insulates you from electricity.
   It lets you see invisible.
 Z - the ring of the Prince (right hand) {MP+9 Str+4}

   [ring of magical power]

   It affects your strength (+4).
   It affects your magic capacity (+9).
Wands
 e - a wand of disintegration (11)
 f - a wand of digging (2)
 B - a wand of random effects (18)
 I - a wand of polymorph (7)
 M - a wand of flame (75)
 T - a wand of iceblast (12)
 U - a wand of acid (16)
Scrolls
 j - 8 scrolls of teleportation {@r4}
 k - 2 scrolls of holy word
 m - 2 scrolls of blinking
 n - 3 scrolls of fear
 o - 15 scrolls of identify {@r1}
 x - a scroll of silence {!r}
 A - 6 scrolls of fog
 C - 8 scrolls of enchant weapon
 D - a scroll of torment {!r}
 K - 5 scrolls of magic mapping
 L - 13 scrolls of remove curse
 S - a scroll of immolation {!r}
 W - 2 scrolls of brand weapon
Potions
 g - 4 potions of brilliance
 r - 2 potions of curing {@q1}
 s - a potion of magic
 w - 5 potions of haste {@q3}
 E - 3 potions of stabbing
 F - a potion of heal wounds {@q2}
 P - 3 potions of lignification {!q}
 Q - 3 potions of might
 Y - 2 potions of berserk rage {!q}
Books
 G - a manual of Armour
Miscellaneous
 O - a lightning rod (4/4)

Dungeon Overview and Level Annotations

Branches:
Dungeon (15/15)            Temple (0/1) D:4            Lair (6/6) D:11
 Shoals (0/4) Lair:4        Snake (4/4) Lair:2        Slime (5/5) Lair:5
    Orc (2/2) D:12            Elf (3/3) Orc:2        Vaults (2/5) D:13
 Depths (0/5) D:15        Volcano (visited)
  Crypt: Vaults:2-3

Altars:
Ashenzari
Dithmenos
Elyvilon
Gozag
Kikubaaqudgha
Nemelex Xobeh
Ru
Xom
The Shining One
Beogh
Jiyva

Shops:
D:11 [   D:13 (   Orc:2 :*[(   Elf:1 (   Snake:1 =([   Snake:3 :?*

Annotations:
D:10 exclusions: centaur warrior and hydra, Erolcha
Lair:2 exclusion: 3 oklob plants
Lair:5 exclusions: catoblepas and death yak
Slime:5 Royal Jelly
Elf:1 6 runed translucent doors
Elf:2 exclusion: 3 doors

▒▒▒.▒.................▒▒
▒▒........▒......▒...▒
▒....▒.....▒....▒....▒▒
▒▒.▒......▒....▒......▒
▒▒.......▒....▒......▒▒
▒...▒▒.......▒▒.......▒
▒▒.▒▒.................▒
▒.....................▒
▒▒.▒▒........g....▒..▒▒
▒ ▒▒▒.....J....▒...▒ ▒▒░
▒▒..........▒..▒▒
▒▒.▒▒▒...............▒▒
▒...▒......<..........▒
▒▒.▒..........▒......▒▒
▒....................▒
▒▒...............▒▒...▒
▒▒▒...▒.▒▒....▒▒▒▒▒.▒▒


You could see a death ooze.


Message History

You resist. You block the death ooze's attack. The death ooze hits you!
* * * LOW HITPOINT WARNING * * *
Use which ability? (? or * to list) You're too exhausted to draw out your power.
Unknown command.
You hit the acid blob.
You kill the acid blob!
You slash the death ooze! The death ooze hits you.
* * * LOW HITPOINT WARNING * * *
The death ooze hits you!
* * * LOW HITPOINT WARNING * * *
You slash the death ooze!
The death ooze is heavily damaged.
You block the death ooze's attack. You block the death ooze's attack.
You block the death ooze's attack. The death ooze hits you!
* * * LOW HITPOINT WARNING * * *
You slash the death ooze!
The death ooze is almost destroyed.
The death ooze hits you!!
* * * LOW HITPOINT WARNING * * *
You block the death ooze's attack.
You hit the death ooze.
The death ooze is almost destroyed.
The death ooze hits you!
You die...

Action                   |  1- 3 |  4- 6 |  7- 9 | 10-12 | 13-15 | 16-18 | 19-21 || total
-------------------------+-------+-------+-------+-------+-------+-------+-------++-------
Melee: Short sword       |    39 |   196 |   346 |   381 |       |       |       ||   962
       Hand crossbow     |       |     2 |       |       |       |       |       ||     2
       Trident           |       |       |       |   396 |  1507 |   647 |   454 ||  3004
       War axe           |       |       |       |       |       |       |   782 ||   782
       Headbutt          |       |       |       |       |       |       |    20 ||    20
 Fire: Hand crossbow     |    45 |    55 |    46 |   154 |   417 |   225 |   618 ||  1560
Throw: Dart              |    77 |    67 |   146 |    85 |   182 |     7 |       ||   564
Invok: Sacrifice Love    |       |       |     1 |       |       |       |       ||     1
       Draw Out Power    |       |       |    14 |    38 |    68 |    38 |    97 ||   255
       Sacrifice Skill   |       |       |     1 |       |       |       |       ||     1
       Sacrifice Nimblen |       |       |       |     1 |       |       |       ||     1
       Sacrifice Arcana  |       |       |       |     1 |       |       |       ||     1
       Sacrifice Essence |       |       |       |     1 |       |       |       ||     1
       Sacrifice Health  |       |       |       |       |     1 |       |       ||     1
       Apocalypse        |       |       |       |       |       |       |    12 ||    12
 Abil: Heal Wounds       |     2 |     8 |     6 |    22 |     9 |     1 |     3 ||    51
Evoke: Wand              |       |       |    11 |    47 |    37 |     5 |     9 ||   109
  Use: Potion            |       |     4 |     3 |     6 |    10 |     7 |     3 ||    33
       Scroll            |       |       |    14 |    10 |    20 |     5 |    11 ||    60
 Stab: Sleeping          |     1 |     2 |     5 |     2 |     9 |     3 |     6 ||    28
       Invisible         |       |       |     1 |     4 |    13 |     5 |    10 ||    33
       Distracted        |       |       |       |     5 |    10 |     4 |     2 ||    21
       Paralysed         |       |       |       |     6 |    14 |     3 |    25 ||    48
       Petrified         |       |       |       |       |     2 |       |       ||     2
Armor: Leather armour    |    22 |    67 |    90 |    87 |       |       |       ||   266
       Ring mail         |       |       |       |   165 |   861 |   273 |   672 ||  1971
       Skin              |       |       |       |       |     1 |       |       ||     1
Dodge: Dodged            |    30 |   166 |   185 |   490 |   552 |   154 |   250 ||  1827
       Repelled          |       |       |       |       |     6 |    31 |    22 ||    59
Block: Other             |       |    13 |    73 |   183 |    34 |       |       ||   303
       Reflection        |       |       |     3 |     8 |    56 |    36 |    67 ||   170
       Buckler           |       |       |       |       |   844 |   353 |   571 ||  1768

Levels and vault maps discovered:
D:1:      minmay_arrival_radiant_lines, layout_loops_ring, corner_web_ring
D:2:      layout_basic, gammafunk_temple_overflow_statue, uniq_robin
D:3:      layout_loops_ring, nicolae_ru_awakened_eye, overflow_temple_1_default,
          minmay_splitting_lines
D:4:      layout_cave_pools, minmay_temple_entry_glass
D:5:      layout_loops_corners, ashenzari_altar_1, enter_ossuary_2
D:6:      layout_cave_pools, kennysheep_mini_moat, grunt_ministairs_2
D:7:      layout_loops_corners, serial_co_window_serial, co_window_paths_b,
          co_window_paths_a, co_window_paths_b, co_window_of_opportunity_a,
          co_window_cross_1, co_window_paths_c, co_window_of_opportunity_b,
          co_window_corner_b, co_window_broadway_c, co_window_4corner_a,
          glass_columns_a, glass_columns_c, glass_columns_b
D:8:      layout_loops_cross
D:9:      layout_cave_pools
D:10:     layout_rooms, minmay_misc_feat_four_crosses, uniq_erolcha
D:11:     layout_roguey, grunt_lair_entry_orc_guard_hut, serial_shops,
          nicolae_shop_temple_entry_statues_fountains, grunt_ministairs_10,
          nicolae_dithmenos_shadow_blocks, uniq_erica
D:12:     layout_loops_corners, orc_0_dummy
D:13:     layout_loops_cross, david_vaults_1, serial_shops, shop_fountains,
          hangedman_abyss_or_decor_passed, hangedman_aviary, uniq_josephine
D:14:     layout_cave_pods, serial_shops, bzr_firewalk, grunt_ministairs_7,
          minmay_misc_feat_rugged
D:15:     grunt_enter_depths_hoard, layout_long_grid,
          nicolae_trove_entry_crystal
Lair:1:   layout_small_grid, beast_lair_carwin_5, grunt_megastairs_3
Lair:2:   layout_regular_city, guppyfry_snake_entry_garden,
          nicolae_volcano_entry_s_turn, minmay_lair_oklob_chamber,
          lemuel_fruit_tree, uniq_gastronok
Lair:3:   layout_gridlike, uniq_rupert
Lair:4:   layout_small_grid, shoals_dummy_entry, grunt_megastairs_5
Lair:5:   wander_river, layout_misc_corridors, slime_altar_1, basic_altar,
          grunt_megastairs_1
Lair:6:   guppyfry_lair_end_dragon, layout_concentric_octagons
Snake:1:  cheibrodos_snake_ritualist_ritual, layout_onion, serial_shops,
          nicolae_shop_waterfront, shop, nicolae_shop_crystal, basic_altar,
          uniq_donald, uniq_aizul
Snake:2:  layout_chambers
Snake:3:  layout_basic, serial_shops, shop, nicolae_snake_lava_pool,
          minmay_shoptagon
Snake:4:  snake_pit, layout_gridlike, basic_altar, nicolae_snake_springs
Slime:1:  layout_caves
Slime:2:  layout_caves
Slime:3:  layout_caves
Slime:4:  layout_caves
Slime:5
Orc:1:    layout_caves, basic_altar
Orc:2:    st_orc_congregation, layout_caves
Elf:1:    eino_elf_arrival_the_gate, layout_geoelf_octagon, serial_shops,
          shop_statue, hangedman_elf_disciples, orc_legates
Elf:2:    layout_rooms, basic_altar
Elf:3:    elf_hall, layout_rooms, serial_sigils_hangedman_clutch, fountainhead,
          uniq_louise
Vaults:1: nicolae_vaults_minivaults, v_misc_26, vaults_dpeg_hooks,
          vaults_room_fours, ontoclasm_vaults_shuriken,
          nicolae_vaults_windows_and_doors_thing,
          nicolae_vaults_little_squares_4, ontoclasm_vaults_decontamination,
          vaults_room_grunt_arrival_ludios, layout_vaults_big_room
Vaults:2: nicolae_vaults_back_hallway, vaults_mumra_lcd, ontoclasm_vaults_chip,
          serial_ice_h, vaults_room_pool, v_pattern_3, nicolae_vaults_network_s,
          nicolae_vaults_mini_display_case, layout_vaults_omnicross,
          serial_shops, nicolae_shop_stone

Notes
Turn   | Place    | Note
-------+----------+-------------------------------------------
     0 | D:1      | gbos the Deep Dwarf Hunter began the quest for the Orb.
     0 | D:1      | Reached XP level 1. HP: 19/19 MP: 1/1
   114 | D:1      | Reached skill level 2 in Fighting
   116 | D:1      | Reached skill level 2 in Stealth
   264 | D:1      | Reached XP level 2. HP: 24/26 MP: 2/2
  1038 | D:2      | Reached XP level 3. HP: 25/33 MP: 3/3
  1077 | D:2      | Reached skill level 3 in Stealth
  1247 | D:2      | Noticed Robin
  1253 | D:2      | Killed Robin
  1546 | D:2      | HP: 6/33 [worm (6)]
  1681 | D:2      | Found a white marble altar of Elyvilon.
  1682 | D:2      | Found an ancient bone altar of Kikubaaqudgha.
  1770 | D:2      | Reached skill level 3 in Fighting
  1854 | D:2      | Reached XP level 4. HP: 39/42 MP: 4/4
  2401 | D:2      | Reached skill level 4 in Stealth
  3092 | D:3      | HP: 6/42 [orc priest/divine providence (9)]
  3221 | D:2      | Reached XP level 5. HP: 18/49 MP: 5/5
  3229 | D:3      | HP: 9/49 [orc wizard/magic dart (6)]
  3236 | D:3      | HP: 11/49 [orc wizard/puff of frost (7)]
  3238 | D:3      | Reached skill level 5 in Stealth
  3457 | D:3      | Found a sacrificial altar of Ru.
  3484 | D:3      | Reached skill level 4 in Fighting
  3518 | D:3      | HP: 14/50 [something/puff of flame (8)]
  3529 | D:3      | HP: 10/50 [something (3)]
  3530 | D:3      | HP: 4/50 [orc/+0 club (1)]
  3567 | D:3      | Became a worshipper of Ru the Awakened
  3769 | D:3      | Reached XP level 6. HP: 31/57 MP: 4/4
  3832 | D:3      | Found a sparkling altar of Nemelex Xobeh.
  4076 | D:3      | HP: 15/57 [phantom (5)]
  4081 | D:3      | HP: 9/57 [phantom (6)]
  4082 | D:3      | Reached skill level 6 in Stealth
  4579 | D:4      | Reached skill level 5 in Fighting
  4579 | D:4      | Reached skill level 7 in Stealth
  4579 | D:4      | Reached XP level 7. HP: 23/67 MP: 4/4
  4722 | D:4      | HP: 19/67 [howler monkey skeleton (2)]
  4855 | D:4      | Gained mutation: Your magical capacity is low. (-10% MP)
                  | [potion of mutation]
  4855 | D:4      | Gained mutation: You can translocate small distances at
                  | will. [potion of mutation]
  4874 | D:4      | Gained mutation: You are hated by all. [Ru sacrifice]
  4874 | D:4      | Reached * piety under Ru
  4956 | D:4      | Found a staircase to the Ecumenical Temple.
  5200 | D:5      | Entered Level 5 of the Dungeon
  5252 | D:5      | Found a broken altar of Ashenzari.
  5959 | D:5      | Reached skill level 1 in Evocations
  6084 | D:5      | Reached skill level 8 in Stealth
  6214 | D:5      | Reached skill level 2 in Evocations
  6716 | D:6      | Reached skill level 6 in Fighting
  6800 | D:6      | Reached skill level 3 in Evocations
  6800 | D:6      | Reached XP level 8. HP: 46/76 MP: 4/4
  7196 | D:6      | Found a glowing golden altar of the Shining One.
  7456 | D:7      | Gained mutation: You are somewhat unskilled. (-1 Apt) [Ru
                  | sacrifice]
  7456 | D:7      | Reduced skill Fighting to level 5
  7456 | D:7      | Reduced skill Stealth to level 7
  7456 | D:7      | Reached ** piety under Ru
  7456 | D:7      | Reached *** piety under Ru
  7508 | D:7      | Reached skill level 4 in Evocations
  7790 | D:7      | Reached skill level 6 in Fighting
  7875 | D:7      | Reached skill level 5 in Evocations
  7882 | D:7      | Reached skill level 6 in Evocations
  7992 | D:7      | HP: 19/77 [killer bee (7)]
  8014 | D:7      | Reached skill level 7 in Fighting
  8558 | D:8      | Gained mutation: You passively map the area around you.
                  | [Deep Dwarf growth]
  8558 | D:8      | Reached XP level 9. HP: 35/86 MP: 5/5
  9304 | D:8      | Reached skill level 8 in Fighting
  9779 | D:9      | Noticed a two-headed ogre
  9785 | D:8      | HP: 19/88 [yak (15)]
  9802 | D:8      | HP: 22/90 [yak (11)]
  9807 | D:8      | HP: 22/90 [yak (5)]
  9816 | D:8      | HP: 24/90 [yak (11)]
  9853 | D:9      | HP: 26/90 [yak (8)]
  9863 | D:8      | Reached skill level 9 in Fighting
  9872 | D:8      | HP: 23/91 [yak (5)]
  9878 | D:8      | HP: 8/91 [yak (10)]
  9884 | D:8      | HP: 17/92 [yak (2)]
 10251 | D:9      | Noticed a kobold demonologist
 10251 | D:9      | Noticed a kobold demonologist
 10252 | D:9      | HP: 23/93 [two-headed ogre/+0 giant spiked club (6)]
 10333 | D:8      | HP: 27/93 [yak (10)]
 10474 | D:8      | Killed a two-headed ogre
 10474 | D:8      | Reached skill level 10 in Fighting
 10474 | D:8      | Reached skill level 7 in Evocations
 10474 | D:8      | Reached XP level 10. HP: 34/102 MP: 5/5
 10475 | D:8      | Gained mutation: You cannot train Dodging skill. [Ru
                  | sacrifice]
 10475 | D:8      | Reduced skill Dodging to level 0
 10475 | D:8      | Reached **** piety under Ru
 10585 | D:8      | Reached skill level 8 in Evocations
 10590 | D:8      | HP: 25/103 [yak (7)]
 10592 | D:8      | HP: 9/103 [yak (11)]
 10602 | D:8      | HP: 23/103 [yak (3)]
 10726 | D:8      | HP: 19/103 [yak (12)]
 10737 | D:8      | HP: 26/103 [yak (5)]
 10743 | D:8      | HP: 17/103 [yak (6)]
 10743 | D:8      | HP: 8/103 [yak (9)]
 10748 | D:8      | HP: 23/103 [yak (6)]
 10753 | D:8      | HP: 26/103 [yak (6)]
 10763 | D:8      | HP: 20/103 [yak (4)]
 10765 | D:8      | Reached skill level 11 in Fighting
 10861 | D:9      | HP: 31/104 [killer bee (2)]
 10866 | D:8      | HP: 20/104 [killer bee (5)]
 10877 | D:8      | HP: 29/104 [killer bee (8)]
 10882 | D:8      | HP: 22/104 [something (2)]
 10953 | D:9      | HP: 26/105 [yak (7)]
 10960 | D:8      | HP: 11/105 [yak (4)]
 10983 | D:8      | HP: 30/105 [yak (5)]
 10991 | D:8      | HP: 25/105 [wight/+3 dagger (2)]
 10999 | D:8      | HP: 19/105 [wight/+3 dagger (6)]
 11412 | D:9      | Noticed a rust devil
 11412 | D:9      | Noticed a smoke demon
 11418 | D:9      | HP: 27/106 [ynoxinul/iron shot[a kobold demonologist] (22)]
 11624 | D:10     | Entered Level 10 of the Dungeon
 11634 | D:10     | Noticed a seven-headed hydra
 11774 | D:10     | Noticed Erolcha
 12005 | D:10     | HP: 24/106 [/a scroll of torment (17)]
 12079 | D:10     | HP: 30/106 [yak (4)]
 12082 | D:10     | Reached skill level 12 in Fighting
 12082 | D:10     | Reached XP level 11. HP: 33/114 MP: 3/3
 12084 | D:10     | HP: 32/114 [yak (1)]
 12258 | D:10     | HP: 30/114 [wyvern zombie (10)]
 12265 | D:10     | HP: 27/114 [wyvern zombie (3)]
 12271 | D:10     | Noticed a centaur warrior
 12418 | D:10     | HP: 17/114 [orc warrior/bolt of acid (10)]
 12424 | D:10     | HP: 11/114 [orc warrior/+0 mace (4)]
 12657 | D:9      | HP: 31/114 [yak (5)]
 12661 | D:9      | HP: 14/114 [yak (11)]
 12667 | D:9      | HP: 18/114 [yak (14)]
 12669 | D:9      | HP: 7/114 [yak (11)]
 12676 | D:9      | HP: 21/114 [yak (5)]
 13494 | D:11     | Found Lystrasu's Antique Armour Shop.
 13502 | D:11     | Bought a dazzling ring mail for 279 gold pieces
 13514 | D:11     | Identified the +4 ring mail of Qidoih {rF+ rC+} (You bought
                  | it in a shop on level 11 of the Dungeon)
 13518 | D:11     | Bought a pair of boots for 139 gold pieces
 13613 | D:11     | Gained mutation: You cannot study or cast Poison magic. [Ru
                  | sacrifice]
 13613 | D:11     | Gained mutation: You cannot study or cast Transmutations
                  | magic. [Ru sacrifice]
 13613 | D:11     | Gained mutation: You cannot study or cast Translocations
                  | magic. [Ru sacrifice]
 13613 | D:11     | Reached ***** piety under Ru
 13695 | D:11     | Noticed a green ugly thing
 13721 | D:11     | Killed a green ugly thing
 13916 | D:11     | Noticed a brown ugly thing
 14010 | D:11     | Got a shimmering trident
 14011 | D:11     | Identified the +7 trident of the Open Hand {flame, rPois
                  | Int+3} (You found it on level 11 of the Dungeon)
 14048 | D:11     | Reached skill level 13 in Fighting
 14070 | D:11     | HP: 35/117 [brown ugly thing (5)]
 14071 | D:11     | HP: 15/117 [acid (7)]
 14076 | D:11     | HP: 26/117 [acid (10)]
 14092 | D:11     | HP: 29/117 [brown ugly thing (2)]
 14094 | D:11     | HP: 14/117 [brown ugly thing (10)]
 14096 | D:11     | Killed a brown ugly thing
 14134 | D:11     | Found a staircase to the Lair.
 14232 | D:11     | Noticed Erica
 14245 | Lair:1   | Entered Level 1 of the Lair of Beasts
 14602 | Lair:1   | HP: 33/117 [cane toad (14)]
 14605 | Lair:1   | Reached skill level 1 in Armour
 14623 | Lair:1   | HP: 34/117 [cane toad (9)]
 14626 | Lair:1   | HP: 10/117 [cane toad (18)]
 14636 | Lair:1   | HP: 27/117 [yak (7)]
 14644 | Lair:1   | Reached skill level 2 in Armour
 14700 | Lair:1   | HP: 32/118 [water moccasin (5)]
 14705 | Lair:1   | HP: 21/118 [cane toad (11)]
 14824 | Lair:1   | Noticed a six-headed hydra
 14839 | Lair:1   | Killed a six-headed hydra
 14839 | Lair:1   | Reached skill level 3 in Armour
 14864 | Lair:1   | Noticed a five-headed hydra
 14868 | Lair:1   | Got a faintly humming ring mail
 14896 | Lair:1   | Identified the +9 ring mail "Butoetie" {rF+} (You found it
                  | on level 1 of the Lair of Beasts)
 15076 | Lair:1   | HP: 35/118 [five-headed hydra (4)]
 15078 | Lair:1   | Killed a five-headed hydra
 15078 | Lair:1   | Reached skill level 4 in Armour
 15078 | Lair:1   | Reached XP level 12. HP: 38/127 MP: 2/2
 15723 | Lair:2   | Found a dark tunnel.
 15729 | Volcano  | Entered a volcano
 15817 | Volcano  | Reached skill level 14 in Fighting
 15840 | Volcano  | HP: 35/128 [gargoyle/+0 flail (9)]
 15856 | Volcano  | HP: 29/128 [anaconda skeleton (6)]
 15861 | Volcano  | Reached skill level 5 in Armour
 15907 | Volcano  | HP: 35/128 [harpy skeleton (5)]
 15923 | Volcano  | HP: 22/128 [skeletal warrior/+2 dire flail of flaming (21)]
 16026 | Volcano  | Reached skill level 6 in Armour
 16137 | Volcano  | HP: 31/128 [alligator skeleton (11)]
 16416 | Lair:2   | Mutation became permanent: Your magical capacity is low.
                  | (-10% MP) [Ru sacrifice]
 16416 | Lair:2   | Gained mutation: Your magical capacity is low. (-10% MP)
                  | [Ru sacrifice]
 16441 | Lair:2   | HP: 34/129 [polar bear (23)]
 16459 | Lair:2   | Found a staircase to the Snake Pit.
 16622 | Lair:2   | Noticed Gastronok
 17463 | Lair:2   | Reached skill level 7 in Armour
 17566 | Lair:3   | Noticed Rupert
 17594 | Lair:3   | HP: 21/129 [Rupert/+1 great mace of holy wrath (20)]
 17599 | Lair:3   | HP: 32/129 [Rupert/+1 great mace of holy wrath (23)]
 17600 | Lair:3   | Killed Rupert
 17600 | Lair:3   | Reached skill level 8 in Armour
 17830 | Lair:3   | HP: 36/129 [molten gargoyle/bolt of magma (17)]
 17840 | Lair:3   | Noticed a seven-headed hydra
 17875 | Lair:3   | Killed a seven-headed hydra
 17875 | Lair:3   | Reached skill level 15 in Fighting
 18378 | Lair:3   | Reached XP level 13. HP: 93/138 MP: 3/3
 18399 | Lair:3   | HP: 41/138 [dream sheep (6)]
 18828 | Lair:4   | Gained mutation: You have somewhat slow reflexes. (EV -5)
                  | [Ru sacrifice]
 18828 | Lair:4   | Reached ****** piety under Ru
 18836 | Lair:4   | Found a staircase to the Shoals.
 18903 | Lair:4   | Identified Sif Muna's Catalogue of Supportive Translocation
 19821 | Lair:5   | HP: 27/139 [catoblepas (23)]
 20397 | Lair:5   | Found a staircase to the Slime Pits.
 20397 | Lair:5   | Found a viscous altar of Jiyva.
 20439 | Lair:5   | Reached skill level 16 in Fighting
 20780 | Lair:5   | Found a shadowy altar of Dithmenos.
 20852 | Lair:6   | Entered Level 6 of the Lair of Beasts
 20942 | Lair:6   | Identified a scroll of acquirement
 20942 | Lair:6   | Acquired a +0 buckler of protection
 21112 | Lair:6   | Reached skill level 1 in Shields
 21314 | Lair:6   | Reached skill level 2 in Shields
 21329 | Lair:6   | Identified +0 steam dragon scales
 21430 | Lair:6   | HP: 39/140 [five-headed hydra (5)]
 21452 | Lair:6   | Identified +0 steam dragon scales
 21711 | Lair:6   | Reached skill level 8 in Stealth
 21917 | Lair:6   | HP: 41/141 [six-headed hydra (6)]
 22270 | Lair:6   | Identified +0 steam dragon scales
 22317 | Lair:6   | Reached skill level 9 in Armour
 22437 | Lair:6   | Noticed a fire dragon
 22455 | Lair:6   | Killed a fire dragon
 22455 | Lair:6   | Identified +0 fire dragon scales
 22665 | Lair:6   | Gained mutation: You resist negative energy. (rN+) [Deep
                  | Dwarf growth]
 22665 | Lair:6   | Reached XP level 14. HP: 90/151 MP: 4/4
 23041 | D:11     | Found a shadowy altar of Dithmenos.
 23048 | D:11     | Killed Erica
 23597 | D:12     | Found a staircase to the Orcish Mines.
 23895 | D:12     | Identified a potion of resistance
 23940 | D:12     | Reached skill level 10 in Armour
 24558 | D:13     | Noticed Josephine
 25182 | D:13     | Reached skill level 17 in Fighting
 25530 | D:13     | Killed Josephine
 25915 | D:13     | Found Reucsafu's Weapon Shoppe.
 25919 | D:13     | Bought 10 bolts for 26 gold pieces
 26055 | D:14     | Found a flickering gateway to a bazaar.
 26068 | Bazaar   | Entered a bazaar
 26068 | Bazaar   | Found Pahokoa's Weapon Boutique.
 26068 | Bazaar   | Found Mamaw's Weapon Shop.
 26068 | Bazaar   | Found Upsasan's Antique Armour Shop.
 26080 | Bazaar   | Bought 8 atropa-tipped darts for 57 gold pieces
 26080 | Bazaar   | Bought 4 atropa-tipped darts for 28 gold pieces
 26080 | Bazaar   | Bought 4 atropa-tipped darts for 28 gold pieces
 26096 | Bazaar   | Bought a pair of runed boots for 157 gold pieces
 26096 | Bazaar   | Bought a pair of gloves for 94 gold pieces
 26778 | D:14     | Identified the +2 ring mail of Yfoarph {MP+9} (You found it
                  | on level 14 of the Dungeon)
 27116 | D:14     | HP: 38/154 [two-headed ogre/+0 giant club (17)]
 27117 | D:14     | Reached skill level 18 in Fighting
 27307 | D:15     | Entered Level 15 of the Dungeon
 27948 | D:15     | Reached XP level 15. HP: 137/163 MP: 4/4
 27979 | D:15     | Found a staircase to the Depths.
 28500 | D:15     | Found a portal to a secret trove of treasure.
 28642 | Orc:1    | Entered Level 1 of the Orcish Mines
 28698 | Orc:1    | Found a roughly hewn altar of Beogh.
 28873 | Orc:2    | Entered Level 2 of the Orcish Mines
 29042 | Orc:1    | You are sucked into a shaft and drop 1 floor!
 29439 | Orc:1    | HP: 48/164 [two-headed ogre/cursed -1 giant club (8)]
 29494 | Orc:2    | HP: 41/164 [orc priest/divine providence (10)]
 29646 | Orc:2    | Found a staircase to the Elven Halls.
 30006 | Orc:2    | Noticed an orc warlord
 30092 | Orc:2    | an orc warlord changed into a death yak
 30131 | Orc:2    | HP: 45/165 [orc warrior/+2 trident of flaming (16)]
 30591 | Orc:2    | Reached skill level 19 in Fighting
 30764 | Orc:2    | HP: 39/166 [orc warrior/+0 hand axe (16)]
 30794 | Orc:2    | HP: 48/166 [orc warrior/+0 trident (5)]
 30933 | Orc:2    | HP: 43/166 [orc priest/divine providence (11)]
 30938 | Orc:2    | HP: 38/166 [orc priest/+0 trident (4)]
 31294 | Orc:2    | Found Foxetax's Antique Armour Shoppe.
 31295 | Orc:2    | Found Mymih's Antique Weapon Shoppe.
 31296 | Orc:2    | Found Gokuclash's General Store.
 31296 | Orc:2    | Found Liwid's Book Emporium.
 31467 | Orc:2    | HP: 43/166 [troll (7)]
 31565 | Orc:2    | Bought a pair of glowing gloves for 142 gold pieces
 31579 | Orc:2    | Bought a glowing broad axe for 196 gold pieces
 31687 | Elf:1    | Entered Level 1 of the Elven Halls
 31690 | Elf:1    | Cast into level 3 of the Abyss (+1 hand axe of distortion)
 31701 | Abyss:3  | Got a pair of brightly glowing boots
 31709 | Abyss:3  | Identified the +2 pair of boots "Yni Paif" {rC+ Slay+3
                  | Stlth+} (You found it on level 3 of the Abyss)
 31791 | Abyss:3  | Gained mutation: Your spells are a little harder to cast,
                  | but a little more powerful. [a neqoxec]
 31828 | Abyss:3  | HP: 37/166 [blizzard demon (13)]
 31844 | Abyss:3  | HP: 49/166 [starcursed mass/accursed screaming (5)]
 31850 | Abyss:3  | HP: 48/166 [starcursed mass/accursed screaming (1)]
 32107 | Abyss:3  | Gained mutation: Your magical capacity is very low. (-20%
                  | MP) [a neqoxec]
 32192 | Abyss:3  | HP: 32/116 [crystal wall collision (9)]
 32203 | Abyss:3  | HP: 24/116 [ettin skeleton (8)]
 32215 | Abyss:3  | HP: 32/116 [white imp/puff of frost (2)]
 32248 | Elf:1    | Escaped the Abyss
 32811 | Snake:1  | Entered Level 1 of the Snake Pit
 32828 | Lair:2   | HP: 34/132 [black mamba (12)]
 32843 | Lair:2   | Reached skill level 1 in Axes
 32905 | Lair:2   | Reached skill level 2 in Axes
 32954 | Snake:1  | Found Huomaad's Jewellery Shoppe.
 32969 | Snake:1  | Found Otuplas's Antique Weapon Shop.
 32978 | Snake:1  | Found a shimmering altar of Xom.
 33011 | Snake:1  | Reached skill level 3 in Axes
 33037 | Snake:1  | HP: 41/166 [naga mage (11)]
 33049 | Snake:1  | Reached skill level 4 in Axes
 33071 | Snake:1  | Found Upein's Armour Shoppe.
 33088 | Snake:1  | Bought a scarf of repulsion for 144 gold pieces
 33106 | Snake:1  | Noticed Aizul
 33113 | Snake:1  | HP: 49/166 [poisoned by Aizul (poison arrow)]
 33151 | Snake:1  | Noticed Donald
 33152 | Snake:1  | HP: 38/166 [anaconda (12)]
 33157 | Snake:1  | HP: 27/166 [anaconda (7)]
 33392 | Snake:1  | Killed Aizul
 33392 | Snake:1  | Reached skill level 5 in Axes
 33529 | Snake:1  | HP: 64/249 [Donald/+1 broad axe of holy wrath (16)]
 33530 | Snake:1  | Killed Donald
 33759 | Snake:1  | Reached skill level 6 in Axes
 33958 | Snake:2  | HP: 46/166 [naga sharpshooter/splash of poison (8)]
 33963 | Snake:2  | HP: 24/166 [shock serpent/bolt of electricity (11)]
 34195 | Snake:2  | Reached skill level 7 in Axes
 34393 | Snake:2  | Reached XP level 16. HP: 102/175 MP: 1/1
 34493 | Snake:2  | HP: 41/175 [nagaraja/lance of force (12)]
 34663 | Snake:2  | HP: 44/175 [shock serpent (9)]
 34668 | Snake:2  | HP: 42/175 [shock serpent/bolt of electricity (23)]
 34844 | Snake:2  | Reached skill level 8 in Axes
 34911 | Snake:2  | HP: 51/175 [mana viper (2)]
 35259 | Snake:2  | Reached skill level 9 in Axes
 35480 | Snake:3  | Found Reusch's Assorted Antiques.
 35771 | Snake:3  | Bought a potion of heal wounds for 140 gold pieces
 36059 | Snake:3  | Reached skill level 10 in Axes
 36122 | Snake:3  | Found Baesiuz's Magic Scroll Shop.
 36229 | Snake:3  | Bought a scroll of fear for 52 gold pieces
 36229 | Snake:3  | Found Awehuev's Book Boutique.
 36673 | D:15     | You paid a toll of 7 scrolls of fear to enter a treasure
                  | trove
 36674 | Trove    | Entered a treasure trove
 36698 | Trove    | Identified a potion of experience
 36705 | Trove    | Reached skill level 11 in Axes
 36705 | Trove    | Reached XP level 17. HP: 83/183 MP: 2/2
 36707 | Trove    | Reached skill level 12 in Axes
 36707 | Trove    | Gained mutation: You passively map a large area around you.
                  | [Deep Dwarf growth]
 36707 | Trove    | Reached XP level 18. HP: 87/192 MP: 3/3
 36719 | Trove    | Identified the ring of the Prince {MP+9 Str+4} (You found
                  | it in a treasure trove)
 36721 | Trove    | Identified the ring "Sudotock" {Wiz *Contam *Slow +Fly
                  | MR+++} (You found it in a treasure trove)
 36723 | Trove    | Identified the ring "Letulij" {rCorr Str+2 Dex+4} (You
                  | found it in a treasure trove)
 37057 | Orc:2    | Bought a scroll of acquirement for 780 gold pieces
 37057 | Orc:2    | Acquired 722 gold pieces
 37853 | Snake:3  | Reached skill level 13 in Axes
 38095 | Snake:3  | HP: 54/192 [naga warrior/+0 flail (9)]
 38962 | Snake:4  | Entered Level 4 of the Snake Pit
 39060 | Snake:3  | HP: 46/192 [naga warrior/+0 trident (13)]
 39141 | Snake:4  | HP: 52/192 [salamander/arrow (6)]
 39351 | Snake:4  | Found an opulent altar of Gozag.
 39790 | Snake:4  | Reached skill level 14 in Axes
 39910 | Snake:4  | HP: 56/192 [nagaraja/+0 halberd (2)]
 40695 | Snake:4  | Reached skill level 15 in Axes
 42304 | Snake:4  | Reached XP level 19. HP: 154/200 MP: 4/4
 42335 | Snake:4  | HP: 59/200 [poisoned by a black mamba]
 42442 | Snake:4  | Reached skill level 16 in Axes
 43615 | Snake:4  | Got a serpentine rune of Zot
 43792 | Snake:3  | Bought a scroll of acquirement for 1456 gold pieces
 43794 | Snake:3  | Acquired a manual of Armour
 43940 | Lair:2   | Killed Gastronok
 45012 | Elf:1    | Reached skill level 11 in Armour
 45699 | Elf:1    | Reached skill level 12 in Armour
 45712 | Elf:1    | Cast into level 3 of the Abyss (+3 war axe of distortion)
 45761 | Elf:1    | Escaped the Abyss
 45773 | Elf:1    | Found a runed translucent gate.
 45773 | Elf:1    | Found a runed translucent gate.
 45773 | Elf:1    | Found a runed translucent gate.
 45773 | Elf:1    | Found a runed translucent gate.
 45773 | Elf:1    | Found a runed translucent gate.
 45774 | Elf:1    | Found a runed translucent gate.
 46065 | Elf:1    | Found Icoang's Weapon Emporium.
 46299 | Elf:2    | Reached skill level 20 in Fighting
 46540 | Elf:2    | Found an ancient bone altar of Kikubaaqudgha.
 46744 | Elf:2    | Found a runed translucent gate.
 46745 | Elf:2    | Found a runed translucent gate.
 46746 | Elf:2    | Found a runed translucent gate.
 47079 | Elf:3    | Entered Level 3 of the Elven Halls
 47093 | Elf:3    | Noticed Louise
 47131 | Elf:3    | Killed Louise
 47920 | Elf:3    | Reached XP level 20. HP: 104/213 MP: 4/4
 47926 | Elf:3    | Identified the cursed ring "Neucsot" {rElec Str-4 SInv}
 48801 | Elf:3    | Reached skill level 21 in Fighting
 48802 | Elf:3    | Identified the +4 war axe of Dawn {vorpal, rC+ MR+}
 48805 | Elf:3    | Identified a +2 robe of resistance
 48821 | Elf:3    | HP: 46/215 [deep elf master archer/arrow (30)]
 49725 | Elf:3    | Identified the +6 hand crossbow "Jialuagi" {flame, +Blink
                  | +Inv Dex+4 Stlth-} (You found it on level 3 of the Elven
                  | Halls)
 49737 | Elf:3    | Identified the Collected Works on Gliding Beguiling
 49756 | Elf:3    | Identified Easy Magic
 49758 | Elf:3    | Identified the Handbook of the Congealing Compass
 49964 | Elf:2    | HP: 61/215 [+5 glaive of venom (30)]
 49970 | Elf:2    | HP: 64/215 [poisoned by a +5 glaive of venom]
 49975 | Elf:2    | HP: 51/215 [poisoned by a +5 glaive of venom]
 50336 | D:13     | Found a gate to the Vaults.
 50378 | Vaults:1 | Entered Level 1 of the Vaults
 51061 | Vaults:1 | HP: 64/216 [something (11)]
 51322 | Vaults:1 | Paralysed by a hornet for 3 turns
 51566 | Vaults:1 | HP: 65/217 [poisoned by a vault warden]
 52262 | Vaults:1 | Identified the +1 rapier of Lyuput {pain, Fragile MR+++
                  | Stlth+}
 52369 | Vaults:1 | HP: 63/217 [freezing wraith (10)]
 52383 | Vaults:1 | HP: 58/217 [orc priest/divine providence[an orc knight]
                  | (8)]
 52925 | Vaults:1 | Reached skill level 22 in Fighting
 53295 | Vaults:1 | HP: 64/217 [orc knight/cursed -1 war axe (7)]
 53300 | Vaults:1 | HP: 55/217 [orc knight/cursed -1 war axe (3)]
 53393 | Vaults:1 | HP: 51/217 [ogre mage/bolt of poison (31)]
 53399 | Vaults:1 | HP: 35/217 [orc warrior/cursed -3 halberd[an orc knight]
                  | (6)]
 53548 | Vaults:1 | HP: 64/217 [hell knight/+2 vorpal halberd (2)]
 54781 | Vaults:1 | HP: 60/219 [acid[an ironheart preserver] (10)]
 55086 | Slime:1  | Entered Level 1 of the Pits of Slime
 55127 | Slime:1  | Reached XP level 21. HP: 126/228 MP: 4/4
 55392 | Slime:2  | Lost mutation: Your spells are a little harder to cast, but
                  | a little more powerful. [a shining eye]
 55420 | Slime:1  | HP: 60/228 [slime creature (11)]
 56938 | Slime:3  | Reached skill level 23 in Fighting
 57545 | Slime:3  | Gained mutation: You are occasionally teleported next to
                  | monsters. [a shining eye]
 57546 | Slime:3  | Gained mutation: You are clumsy. (Dex -2) [a shining eye]
 58286 | Slime:4  | Gained mutation: Your body sometimes deteriorates upon
                  | taking damage. [a shining eye]
 58347 | Slime:4  | Gained mutation: Your body often deteriorates upon taking
                  | damage. [a shining eye]
 59048 | Slime:4  | Lost mutation: You are clumsy. (Dex -2) [a shining eye]
 59482 | Slime:5  | Entered Level 5 of the Pits of Slime
 59634 | Slime:5  | Gained mutation: Your magical capacity is extremely low.
                  | (-30% MP) [a shining eye]
 59636 | Slime:5  | Gained mutation: You are clumsy. (Dex -2) [a shining eye]
 59637 | Slime:5  | Gained mutation: You have a pair of small horns on your
                  | head. [a shining eye]
 59920 | Slime:4  | HP: 66/232 [acid blob (32)]
 60150 | Slime:5  | Reached skill level 13 in Armour
 60365 | Slime:5  | Noticed the Royal Jelly
 60366 | Slime:5  | Gained mutation: Armour fits poorly on your strangely
                  | shaped body. [a shining eye]
 60367 | Slime:5  | Gained mutation: Your spells are a little easier to cast,
                  | but a little less powerful. [a shining eye]
 60663 | Slime:5  | Gained mutation: You are dopey. (Int -2) [a shining eye]
 60704 | Slime:5  | HP: 56/232 [death ooze[the Royal Jelly] (18)]
 60709 | Slime:4  | HP: 51/232 [death ooze[the Royal Jelly] (1)]
 60711 | Slime:4  | HP: 11/232 [death ooze[the Royal Jelly] (23)]
 60712 | Slime:4  | Slain by a death ooze

Vanquished Creatures
  Rupert (Lair:3)
  2 deep elf master archers (Elf:3)
  A sphinx (Vaults:1)
  14 acid blobs
  2 deep elf blademasters (Elf:3)
  A tentacled starspawn (Abyss:3)
  Gastronok (Lair:2)
  Donald (Snake:1)
  9 nagarajas
  11 azure jellies
  Aizul (Snake:1)
  Louise (Elf:3)
  4 vault wardens
  5 deep elf sorcerers
  6 deep elf elementalists (Elf:3)
  5 ironheart preservers
  8 deep elf demonologists
  5 deep elf annihilators
  5 deep elf death magi
  An ettin (Orc:1)
  A blizzard demon (Abyss:3)
  A death ooze (Slime:5)
  Josephine (D:13)
  4 fire dragons
  6 deep elf high priests
  10 great orbs of eyes
  5 yaktaur captains
  2 vault guards
  2 rakshasas (Vaults:1)
  An ice dragon (Vaults:1)
  A catoblepas (Lair:5)
  8 hydras
  8 naga warriors
  Erica (D:11)
  4 centaur warriors
  18 dancing weapons
  4 tengu warriors (D:13)
  12 anacondas
  13 two-headed ogres
  A death knight (Vaults:1)
  3 ogre magi
  A deep troll earth mage (D:13)
  3 orc high priests (Orc:2)
  9 naga sharpshooters
  A death yak (Orc:2)
  A hell knight (Vaults:1)
  5 shock serpents
  A wretched star (Abyss:3)
  11 deep elf knights
  2 skeletal warriors
  9 sea snakes
  2 salamander mystics
  15 naga ritualists
  3 deep trolls (Vaults:1)
  An unseen horror (D:12)
  8 ironbrand convokers
  18 deep elf archers
  A swamp dragon (Lair:6)
  A wolf spider zombie (D:15)
  3 wizards
  10 orc knights
  An anaconda skeleton (Volcano)
  8 harpies
  A necromancer (D:13)
  16 mana vipers
  7 orc sorcerers
  45 deep elf magi
  5 ugly things
  13 shining eyes
  3 cyclopes
  3 centaur zombies
  2 manticores
  9 salamanders
  3 elephants (Lair:6)
  40 black mambas
  25 naga magi
  2 vault sentinels
  4 guardian serpents
  A black mamba (shapeshifter) (Vaults:1)
  17 cane toads
  4 gargoyles (Volcano)
  5 eyes of devastation
  An orange demon (Abyss:3)
  A molten gargoyle (Lair:3)
  3 kobold demonologists
  2 rime drakes
  2 redback zombies
  4 yaktaurs
  10 komodo dragons
  A tengu conjurer (Elf:1)
  A freezing wraith (Vaults:1)
  A polar bear (shapeshifter) (Vaults:1)
  A polar bear (Lair:2)
  3 meliai
  An ancient zyme (Abyss:3)
  3 hornets
  5 trolls
  A harpy skeleton (Volcano)
  A wolf spider simulacrum (D:14)
  5 blink frogs
  128 slime creatures
  17 dream sheep
  2 hippogriffs
  An ettin skeleton (Abyss:3)
  A flying skull (Volcano)
  3 water elementals
  3 alligator skeletons (Volcano)
  3 vampires
  4 basilisks
  A spriggan (shapeshifter) (D:15)
  3 wyverns
  A basilisk (shapeshifter) (Elf:1)
  43 yaks
  8 wraiths
  3 fire elementals
  4 steam dragons
  25 golden eyes
  2 neqoxecs (Abyss:3)
  5 wargs
  A large abomination (Abyss:3)
  43 nagas
  A human simulacrum (Vaults:1)
  5 acid dragons
  A soldier ant (shapeshifter) (Elf:1)
  2 spatial vortices (Abyss:3)
  13 water moccasins
  11 porcupines
  2 floating eyes
  36 orc warriors
  2 sky beasts
  2 phantoms
  5 eyes of draining
  2 necrophages
  4 small abominations
  5 boggarts (Vaults:1)
  16 centaurs
  11 ogres
  11 wolves
  12 crocodiles
  3 big kobolds
  12 bullfrogs
  An earth elemental (Elf:3)
  2 wyvern zombies
  A wyvern skeleton (D:14)
  3 scorpions
  9 killer bees
  16 wights
  A troll skeleton (Volcano)
  2 electric eels (Snake:3)
  2 howler monkeys
  A crimson imp (Abyss:3)
  3 lava snakes (Snake:3)
  2 spriggan skeletons (Volcano)
  2 bullfrog zombies
  3 hounds
  A gnoll shaman (D:6)
  A jelly (D:15)
  31 orc wizards
  28 orc priests
  A wyvern simulacrum (D:14)
  A bullfrog skeleton (D:4)
  7 centaur skeletons
  5 iguanas
  12 worker ants
  2 naga skeletons (Volcano)
  Robin (D:2)
  4 gnolls (D:5)
  2 howler monkey skeletons
  14 adders
  4 shadow imps
  2 white imps
  2 ufetubi
  An ooze (D:3)
  3 adder skeletons
  6 worms
  3 dart slugs
  8 leopard geckos
  106 orcs
  6 bats
  7 giant cockroaches
  21 goblins
  10 hobgoblins
  18 jackals
  9 kobolds
  6 quokkas
  7 ball pythons
  2 ball python skeletons (D:4)
  5 frilled lizards
  A giant cockroach zombie (D:5)
  A jackal skeleton (D:7)
  2 quokka zombies (D:8)
  5 rats
  2 crawling corpses (Elf:3)
  A starspawn tentacle (Abyss:3)
1408 creatures vanquished.

Vanquished Creatures (others)
  A deep elf demonologist (Elf:3)
  A hydra (Lair:6)
  2 anacondas
  4 naga warriors
  4 two-headed ogres
  An orc high priest (Orc:2)
  A deep elf knight (Elf:1)
  A naga sharpshooter (Snake:2)
  A skeletal warrior (Volcano)
  An unseen horror (D:15)
  2 deep elf archers
  A large abomination (Abyss:3)
  A deep elf mage (Elf:1)
  An ugly thing (D:12)
  A salamander (Snake:4)
  3 black mambas (Snake:4)
  A naga mage (Snake:3)
  A molten gargoyle (Lair:3)
  A yaktaur (Vaults:1)
  A meliai (D:13)
  A harpy skeleton (Volcano)
  3 slime creatures
  A dream sheep (Lair:3)
  2 flying skulls (Volcano)
  A wraith (D:13)
  A yak (D:10)
  3 nagas (Snake:1)
  A porcupine (Lair:5)
  A swamp drake (Lair:6)
  An orc warrior (Vaults:1)
  A centaur (D:14)
  A boggart (Elf:1)
  A killer bee (D:7)
  A lava snake (Snake:3)
  A jelly (D:14)
  An orc priest (Vaults:1)
  An orc wizard (D:10)
  An orc (Orc:2)
  2 ball pythons (Snake:4)
  32 fungi
  49 plants
  2 starspawn tentacles (Abyss:3)
138 creatures vanquished.

Grand Total: 1546 creatures vanquished
